AoeStats
← e_nzo

Arabia

508793831Analyzed
1v1 RM · 9d ago on Sep 24, 2026· 51m 18s· 2 players
Game mode
Random Map
Map size
Tiny (2 player)
Population
200
Speed
Normal
Resources
Standard
Victory
Conquest
Starting age
Dark Age
Ending age
Imperial Age
RankedLock teamsTeams togetherTeam positionsShared explorationLock speedFull tech treeHidden civsTurbo modeCheats
Victory
Defeat
🇨🇴 Teutons · Colombia
441
+19
🇮🇪 Tupi · Ireland
497
-19
e_nzo
8:13 Loom
10:39 Feudal Age
11:16 Double-Bit Axe
13:30 Wheelbarrow
13:12 Horse Collar
15:47 Town Watch
19:04 Fletching
22:38 Castle Age
23:21 Bloodlines
24:24 Hand Cart
24:52 Ballistics
27:23 Gold Mining
27:31 Stone Mining
28:50 Town Patrol
30:28 Bow Saw
30:32 Heavy Plow
33:59 Imperial Age
33:18 Bodkin Arrow
33:34 Forging
36:18 Crenellations
37:44 Hoardings
38:39 Chemistry
37:53 Masonry
38:52 Crop Rotation
41:51 Iron Casting
43:57 Scale Mail Armor
47:15 Padded Archer Armor
47:41 Siege Engineers
MCAL. SOLANO LÓPEZ
12:41 Feudal Age
18:03 Castle Age
20:55 Double-Bit Axe
20:53 Horse Collar
21:26 Fletching
22:16 Bow Saw
25:31 Pikeman
37:17 Imperial Age
40:49 Arson
40:31 Halberdier
42:34 Elite Skirmisher
46:41 Caciques
46:48 Champi Runner
Connection lost

Rejoining the realm…

Still unreachable

The connection could not be restored.

Session expired

The server has moved on; the page needs a fresh start.